Map: Acid Plant LE

Players

Kozzy

  • Race: Protoss Protoss
  • League: Gold
  • Spawn Location: 5:00

OwlExpert - Winner!

  • Race: Terran Terran
  • Spawn Location: 11:00

VOD

Have the link to the VOD?

Description

Time

  • Played on: April 14, 2018, 5:50 p.m.
  • Length: 8:39
Show
View Real Time Build Order
Export as new Build Order

Kozzy Protoss 

Build Orders:  

Get SALT Encoding   

  12  0:01  Probe  
  13  0:13  Probe  
  14  0:28  Pylon  
  14  0:33  Assimilator  
  14  0:40  Probe  
  15  0:48  Gateway  
  15  0:53  Probe (Chrono Boost)  
  17  1:04  Probe (Chrono Boost)  
  17  1:09  Probe (Chrono Boost)  
  18  1:14  Pylon  
  18  1:19  Probe  
  19  1:30  Pylon  
  19  1:31  Probe  
  20  1:41  Assimilator  
  20  1:43  Probe  
  21  1:54  Cybernetics Core  
  21  1:57  Forge  
  21  2:05  Probe  
  22  2:17  Pylon  
  22  2:27  Assimilator  
  22  2:31  Stalker (Chrono Boost)  
  22  2:34  Shield Battery  
  24  2:39  Photon Cannon  
  24  2:41  Protoss Ground Weapons Level 1 (Chrono Boost)  
  24  2:45  Warp Gate  
  22  3:15  Stalker  
  24  3:24  Pylon  
  24  3:29  Gateway  
  24  3:45  Probe, Pylon  
  25  3:51  Stalker  
  27  3:57  Probe  
  28  4:03  Gateway  
  28  4:16  Gateway  
  32  4:45  Pylon  
  32  4:50  Pylon  
  28  4:58  Stalker  
  28  4:59  Stalker  
  32  5:00  Stalker  
  34  5:22  Stalker x2  
  34  5:23  Stalker  
  34  5:25  Stalker  
  42  5:56  Stalker x2  
  46  5:57  Stalker x2  
  50  6:23  Twilight Council  
  44  6:43  Pylon  
  40  7:07  Gateway  
  40  7:09  Stalker x3  
  40  7:10  Stalker  
  48  8:03  Stalker x4  
  48  8:04  Stalker  
  44  8:27  Stalker x4  
  44  8:28  Stalker  
Show
View Real Time Build Order
Export as new Build Order

OwlExpert Terran - Winner!

Build Orders:  

Get SALT Encoding   

  12  0:01  SCV  
  13  0:13  SCV  
  14  0:25  Supply Depot, SCV  
  15  0:46  SCV  
  15  0:49  Barracks  
  16  0:55  Refinery  
  16  0:59  SCV  
  17  1:11  SCV  
  18  1:23  SCV  
  21  1:40  Reaper  
  21  1:41  Orbital Command  
  20  1:53  Command Center  
  20  2:07  SCV  
  21  2:11  Marine  
  21  2:19  SCV  
  22  2:31  Barracks Reactor, SCV  
  22  2:33  Supply Depot  
  23  2:38  Factory  
  23  2:55  SCV  
  24  3:07  SCV, Orbital Command  
  24  3:10  Supply Depot, Marine  
  24  3:11  Marine  
  27  3:13  Orbital Command  
  27  3:19  SCV  
  28  3:24  Cyclone  
  31  3:29  Marine  
  31  3:30  Marine  
  31  3:31  SCV  
  34  3:43  SCV  
  34  3:46  SCV  
  34  3:47  Marine x2  
  38  3:57  Barracks, Bunker  
  38  4:00  Barracks  
  38  4:01  Barracks  
  38  4:03  Factory Tech Lab  
  38  4:05  SCV  
  38  4:06  Starport  
  39  4:12  Orbital Command  
  39  4:15  Refinery  
  39  4:21  SCV  
  39  4:23  Marine x2  
  42  4:34  SCV  
  42  4:37  Widow Mine  
  42  4:38  SCV  
  45  4:41  Marine x2  
  45  4:44  Supply Depot  
  47  4:48  SCV  
  47  4:50  SCV  
  49  4:53  Engineering Bay  
  49  4:54  Medivac  
  51  5:00  SCV  
  51  5:06  Barracks Tech Lab  
  52  5:07  Barracks Tech Lab  
  52  5:08  Barracks Reactor  
  52  5:13  Marine  
  50  5:16  SCV  
  50  5:17  SCV  
  52  5:24  Supply Depot  
  52  5:26  Stimpack  
  52  5:28  SCV  
  53  5:29  SCV  
  53  5:35  Marauder  
  58  5:36  Marauder  
  58  5:37  Marine x2  
  58  5:40  SCV  
  58  5:41  SCV  
  62  5:44  Supply Depot  
  62  5:45  Marine x2  
  62  5:46  Widow Mine  
  62  5:48  Refinery  
  66  5:52  SCV  
  66  5:54  SCV  
  68  6:02  Marine  
  69  6:04  SCV  
  69  6:06  Marine x2, Marauder x2  
  69  6:07  Supply Depot  
  69  6:08  Terran Infantry Weapons Level 1  
  76  6:12  Starport Reactor  
  75  6:21  Widow Mine  
  72  6:44  Marine  
  72  6:45  Marine x2, Marauder x2  
  72  6:47  Marine, Siege Tank  
  82  6:49  SCV x2  
  81  6:59  Refinery  
  81  7:01  SCV  
  81  7:02  Marine, SCV  
  81  7:03  Marine x2  
  86  7:09  Command Center  
  86  7:10  Supply Depot  
  86  7:12  Supply Depot  
  86  7:24  SCV  
  86  7:31  Marine, Medivac  
  86  7:32  Supply Depot, SCV, Marauder x2  
  86  7:33  Marine x2  
  86  7:35  Supply Depot  
  86  7:36  SCV  
  95  7:38  Marine  
  95  7:43  Supply Depot  
  95  7:44  SCV  
  97  7:47  Barracks  
  97  7:48  SCV  
  97  7:49  Barracks, Marine  
  97  7:50  Marine  
  97  7:51  Marine  
  101  7:54  Marauder x2  
  101  7:56  Medivac, SCV  
  107  8:10  Marine x2  
  111  8:13  Marine x2  
  111  8:15  Marauder x2  
  111  8:16  SCV x2  
  114  8:22  Supply Depot  
Tags
 
League
Gold
Matchup
PvT
Spawn Locations
Cross Positions
Add a new tag
Caveats
  • Supply blocks, unpowered buildings, or Contaminate may cause inaccurate times.
  • Supply counts are checked every 10 seconds.